 Dungeon Crawl Stone Soup version 0.15-a0-674-g7948ca6 (webtiles) character file.

472079 MrRokkomies the Crack Shot (level 24, -14/231 HPs)
             Began as a Gargoyle Hunter on May 4, 2014.
             Was a High Priest of the Shining One.
             Shot with an arrow by a deep elf master archer (15 damage)
             ... created by the fury of Okawaru
             ... on Level 1 of the Tomb of the Ancients on May 9, 2014.
             The game lasted 07:59:37 (78175 turns).

MrRokkomies the Crack Shot (Gargoyle Hunter)       Turns: 78175, Time: 07:59:38

HP -14/231       AC 42     Str 25      XL: 24   Next: 69%
MP  27/27        EV 27     Int 15      God: the Shining One [*****.]
Gold 4644        SH  0     Dex 18      Spells:  7 memorised,  9 levels left

rFire  + + .     SeeInvis .     a - +5 lajatang (elec)
rCold  . . .     Clarity  .     E - +3 fire dragon armour
rNeg   + + +     Conserve +     (no shield)
rPois  +         rCorr    .     C - +0 helmet
rElec  +         rRot     +     j - +2 cloak {MR+}
SustAb . .       Spirit   .     r - +2 pair of gloves
rMut   .         Warding  .     X - +0 pair of boots of Greater Demons {rN+ MR+ Int+3}
Saprov . . .     Stasis   .     O - amulet of conservation
MR     +++..                    e - +4 ring of evasion
                                L - ring of protection from cold

@: berserking (expiring), glowing, extremely resistant to hostile enchantments,
extremely unstealthy
A: able to fly continuously, large and strong wings, thin metallic scales 1,
deformed body, low mp 1, life protection 1, electricity resistance, slow healing
1, unbreathing, petrification resistance, AC +17
a: Fly, Divine Shield, Cleansing Flame, Summon Divine Warrior, Renounce Religion
}: 2/15 runes: serpentine, barnacled


You were on level 1 of the Tomb of the Ancients.
You worshipped the Shining One.
The Shining One was extremely pleased with you.
You were not hungry.

You visited 11 branches of the dungeon, and saw 53 of its levels.

You collected 6390 gold pieces.
You spent 1746 gold pieces at shops.

Inventory:

Hand weapons
 a - a +5,+5 lajatang of electrocution (weapon)
 b - the +7,+9 longbow of Buacaikk {velocity, SInv}
   (You found it on level 3 of the Elven Halls)

   Any arrow fired from it inflicts extra damage.
   It enhances your eyesight.
Missiles
 c - 39 arrows
 f - 41 arrows of dispersal
 o - 47 arrows of frost
 B - 56 arrows of flame
Armour
 j - a +2 cloak of magic resistance (worn)
 r - a +2 pair of gloves (worn)
 C - a +0 helmet (worn)
 E - a +3 fire dragon armour (worn)
 X - the +0 pair of boots of Greater Demons (worn) {rN+ MR+ Int+3}
   (Okawaru gifted it to you on level 2 of the Vaults)

   It affects your intelligence (+3).
   It protects you from negative energy.
   It affects your resistance to hostile enchantments.
Magical devices
 d - a wand of disintegration (7)
 i - a wand of lightning (5)
 l - a wand of confusion (20) {unknown}
 n - a wand of teleportation (3)
 y - a wand of digging (10)
 z - a wand of lightning (4)
 G - a wand of frost (11)
 H - a wand of flame (9) {unknown}
 I - a wand of heal wounds (0)
 M - a wand of cold (6)
 Q - a wand of fireball (0)
Comestibles
 m - 3 meat rations
 R - a bread ration
Scrolls
 h - 2 scrolls of enchant weapon I
 p - 2 scrolls of immolation
 s - a scroll of silence
 t - a scroll of teleportation
 x - a scroll of fear
 A - 2 scrolls of remove curse
 K - a scroll of magic mapping
 N - 2 scrolls of vulnerability
Jewellery
 e - a +4 ring of evasion (right hand)
 F - a cursed amulet of resist mutation
 L - a ring of protection from cold (left hand)
 O - an amulet of conservation (around neck)
 P - an uncursed ring of protection from magic
 T - an uncursed ring of protection from cold
 V - an uncursed ring of protection from fire
 W - an uncursed amulet of warding
Potions
 g - 3 potions of haste
 q - a potion of restore abilities
 u - 4 potions of might
 v - a potion of curing
 w - a potion of invisibility
 J - a potion of resistance
 S - 3 potions of agility
Miscellaneous
 k - a phial of floods


   Skills:
 * Level 16.4 Fighting
 - Level 14.0 Staves
 - Level 22.8 Bows
 * Level 15.3 Armour
 - Level 18.1 Dodging
 - Level 1.1 Stealth
 - Level 10.0 Charms
 - Level 5.0 Translocations
 - Level 10.0 Earth Magic
 - Level 7.0 Invocations


You had 9 spell levels left.
You knew the following spells:

 Your Spells              Type           Power        Failure   Level  Hunger
a - Stoneskin             Trmt/Erth      ###.......   10%         2    ###....
b - Swiftness             Chrm/Air       ###.....     10%         2    ###....
c - Repel Missiles        Chrm/Air       ###...       10%         2    ###....
d - Blink                 Tloc           N/A          10%         2    ###....
e - Summon Butterflies    Summ           #.......     34%         1    ##.....
f - Apportation           Tloc           ###.......   4%          1    ##.....
g - Leda's Liquefaction   Hex/Erth       ###.......   45%         4    #####..


Dungeon Overview and Level Annotations

Branches:
Dungeon (15/15)            Temple (0/1) D:5             Orc (4/4) D:10
    Elf (3/3) Orc:3          Lair (8/8) D:9          Shoals (5/5) Lair:6
  Snake (5/5) Lair:4        Slime (0/6) Lair:8       Vaults (4/5) D:13
  Blade (1/1) Vaults:3      Crypt (3/3) Vaults:3       Tomb (1/3) Crypt:3
 Depths (4/5) D:15

Altars:
Dithmenos
Fedhas
Makhleb
Okawaru
Sif Muna
Trog
Xom
Yredelemnul
Zin
The Shining One

Shops:
D:12 ?   Orc:3 =   Orc:4 ([[?   Elf:2 [   Elf:3 [   Shoals:1 ?   Shoals:2 :
Snake:4 :   Vaults:3 (

Portals:
Hell: Depths:1 Depths:2 Depths:3
Abyss: Depths:2
Pandemonium: Depths:3 Depths:4
Ziggurat: Depths:4


Innate Abilities, Weirdness & Mutations

You are resistant to torment.
You are immune to poison.
You are immune to rotting.
You can fly continuously.
Your stone body is very resilient (AC +17).
Your wings are large and strong.
You resist negative energy.
You are resistant to electric shocks.
You can survive without breathing.
You are immune to petrification.
You are partially covered in thin metallic scales (AC +2).
Armour fits poorly on your strangely shaped body.
Your magical capacity is low (-10% MP).
You heal slowly when monsters are visible.


Message History

The deep elf master archer shoots an arrow.
The arrow hits you! The Shining One protects you from harm!
The arrow burns you.
* * * LOW HITPOINT WARNING * * *
x2 The arrow disappears in a puff of smoke!
The deep elf blademaster misses you.
The deep elf blademaster completely misses you.
You slice the deep elf blademaster!!
You kill the deep elf blademaster!
That felt strangely unrewarding.
The soul eater hits you but does no damage.
You slice the deep elf master archer!!
The deep elf master archer is moderately wounded.
The deep elf master archer shoots an arrow.
The arrow completely misses you.
The arrow disappears in a puff of smoke!
The deep elf master archer shoots an arrow.
The arrow hits you!
You die...

#.........#
#.(.......#
#..(......#
#...(.....#
#.........#
#.(.......#
#.........#
#...ee....#
#...3@....#
#.........#
#.........#
#.........#
#.........#
#.........#
#.........#
#.........#
#.........#


You could see 2 deep elf master archers and a soul eater.

Vanquished Creatures
  An ancient lich (Crypt:3)
  Boris (Vaults:4)
  Sojobo (Depths:3)
  Saint Roka (Vaults:2)
  Norris (Vaults:3)
  Jory (Crypt:2)
  A bone dragon (Crypt:3)
  Nikola (Snake:4)
  A tentacled monstrosity (Depths:1)
  7 titans
  4 deep elf master archers
  3 liches
  4 sphinxes
  A kraken (Shoals:4)
  3 shadow dragons
  4 ancient champions
  Rupert (Lair:8)
  8 tengu reavers
  6 deep elf blademasters
  2 revenants
  Ilsuiw (Shoals:4)
  13 fire giants
  11 greater nagas
  7 frost giants
  An orc warlord (D:15)
  Agnes (Elf:3)
  4 vault wardens
  The ghost of Mulzaro the Convoker, a mighty DESu of Sif Muna (Depths:1)
  3 deep elf sorcerers (Elf:3)
  Aizul (Depths:3)
  Louise (Snake:2)
  An emperor scorpion (Depths:2)
  A balrug (Depths:4)
  4 war gargoyles (Crypt:3)
  Jorgrun (Depths:1)
  2 spriggan defenders
  11 stone giants
  The ghost of 4tharraofdagon the Brawler, a powerful VSBe of Trog (Elf:3)
  8 deep elf demonologists
  3 grey draconians
  10 rakshasas
  Donald (Elf:1)
  2 mottled draconians (Crypt:3)
  Azrael (Elf:2)
  A curse skull (Vaults:3)
  A pale draconian (Crypt:3)
  5 dire elephants
  A white draconian (Crypt:3)
  A purple draconian (Crypt:3)
  A black draconian (Crypt:3)
  6 deep elf annihilators (Elf:3)
  An eidolon (Crypt:3)
  3 vampire knights (Crypt:3)
  4 crystal guardians
  3 ettins
  Snorg (Orc:2)
  5 merfolk javelineers
  2 quicksilver dragon zombies
  A mummy priest (Tomb:1)
  8 vault guards
  15 merfolk impalers
  7 deep elf death magi
  9 jiangshi
  3 deep elf high priests
  8 sirens
  5 yaktaur captains
  3 spriggan air magi
  Fannar (Elf:3)
  13 hydras
  6 fire dragons
  6 ironheart preservers
  34 dancing weapons
  23 naga warriors
  Nessos (Orc:3)
  A large abomination (Elf:3)
  3 great orbs of eyes
  5 ice dragons
  3 merfolk aquamancers
  A satyr (Shoals:3)
  10 ogre magi
  10 death yaks
  2 spectral elves (Elf:3)
  4 tengu warriors
  A vampire mage (Crypt:2)
  3 plague shamblers
  The ghost of 4tharraofdagon the Conjurer, a powerful TeFE of Vehumet (D:15)
  3 death knights
  7 anacondas
  3 shock serpents
  5 deep troll shamans
  A spriggan berserker (Depths:2)
  Urug (D:13)
  14 centaur warriors
  2 catoblepae
  5 deep troll earth magi
  4 orc high priests
  22 naga sharpshooters
  2 titan zombies (Crypt:3)
  10 very ugly things
  Nergalle (Lair:1)
  A storm dragon zombie (Crypt:3)
  4 fire crabs
  A storm dragon skeleton (Crypt:1)
  3 salamander mystics
  15 deep elf knights
  3 shadow wraiths
  29 skeletal warriors
  A spectral anaconda (Crypt:2)
  2 iron trolls
  2 anaconda zombies (Crypt:3)
  6 hell knights (Crypt:3)
  7 flayed ghosts
  16 deep trolls
  6 deep elf summoners
  A tengu zombie (Vaults:4)
  A putrid demonspawn (Depths:4)
  2 shadow dragon zombies
  A golden dragon skeleton (Crypt:3)
  16 harpies
  A giant orange brain (Vaults:1)
  An ice statue (Elf:1)
  7 hill giants
  An anaconda skeleton (Crypt:3)
  13 necromancers
  Pikel (D:6)
  17 ironbrand convokers
  Joseph (Orc:3)
  16 deep elf conjurers
  3 water nymphs
  16 sea snakes
  An iron dragon zombie (Crypt:3)
  12 unseen horrors
  2 fire giant zombies
  7 mana vipers
  2 stone giant zombies
  11 manticores
  7 phantasmal warriors
  2 wolf spiders (Vaults:3)
  16 orc knights
  12 orc sorcerers
  A sphinx skeleton (Vaults:4)
  4 frost giant zombies
  3 red wasps
  11 cyclopes
  A black mamba (shapeshifter) (D:15)
  15 fauns
  12 griffons
  An oklob plant (D:12)
  17 elephants
  An octopode (shapeshifter) (D:14)
  3 vault sentinels
  7 salamanders
  2 smoke demons
  2 fire giant skeletons (Crypt:2)
  2 wizards
  11 mermaids
  A mermaid (shapeshifter) (Depths:2)
  7 spiny frogs
  25 black mambas
  A frost giant skeleton (Crypt:3)
  A storm dragon simulacrum (Vaults:2)
  2 orange demons
  A salamander (shapeshifter) (Elf:3)
  9 guardian serpents
  A feature mimic (D:14)
  Psyche (D:11)
  4 naga ritualists
  3 efreet
  12 naga magi
  A black draconian skeleton (Crypt:2)
  An iron troll zombie (Vaults:4)
  A minotaur zombie (Crypt:3)
  An elf (shapeshifter) (D:15)
  A spriggan druid (Lair:8)
  3 silent spectres
  A hellwing (Orc:4)
  4 trolls
  8 komodo dragons
  A red draconian skeleton (Crypt:1)
  2 red devils
  2 tengu conjurers
  29 yaktaurs
  17 deep elf priests
  23 two-headed ogres
  A death drake zombie (Crypt:1)
  A hydra zombie (D:15)
  5 kobold demonologists
  4 centaur skeletons (D:15)
  11 giant fireflies (Lair:8)
  6 harpy zombies
  A jumping spider (Vaults:4)
  A baby alligator (shapeshifter) (Depths:3)
  A giant leech (shapeshifter) (Depths:4)
  7 polar bears (Lair:8)
  A guardian serpent (shapeshifter) (D:15)
  An iron devil (Depths:1)
  29 merfolk
  A harpy skeleton (Crypt:2)
  12 freezing wraiths
  A blue devil (Orc:4)
  A mana viper skeleton (Crypt:2)
  7 blink frogs
  4 slime creatures
  A blink frog (shapeshifter) (Depths:3)
  2 jumping spiders (shapeshifter)
  Sonja (Elf:1)
  9 boggarts
  2 griffon zombies
  A hydra skeleton (Crypt:1)
  8 boulder beetles
  A ynoxinul (Elf:3)
  11 ravens
  An ettin skeleton (Vaults:4)
  A basilisk (shapeshifter) (D:15)
  3 vampires
  6 snapping turtles
  4 redbacks (Vaults:4)
  4 basilisks (Lair:3)
  13 spriggans
  15 water elementals
  A yak (shapeshifter) (Depths:4)
  37 flying skulls
  4 wyverns
  2 wind drakes
  4 fire bats
  7 shadows
  A chaos spawn (Orc:4)
  A steam dragon (D:14)
  6 air elementals
  Eustachio (D:6)
  27 deep elf magi
  A golden eye (shapeshifter) (Vaults:1)
  13 yaks
  3 hill giant zombies
  24 deep elf fighters
  5 fire elementals (Elf:2)
  15 wolves
  14 hippogriffs
  8 wraiths
  16 humans
  12 sharks
  A hippogriff (shapeshifter) (Vaults:2)
  5 hungry ghosts
  42 ugly things
  A hog (shapeshifter) (Vaults:2)
  A neqoxec (Elf:3)
  A spiny frog zombie (Crypt:1)
  Edmund (D:4)
  59 nagas
  A warg (Vaults:4)
  A spectral spiny frog (Crypt:2)
  32 water moccasins
  13 porcupines
  2 necrophages
  17 vampire mosquitoes
  3 hell hounds (Elf:2)
  3 human simulacra (Vaults:1)
  4 mottled dragons
  A tengu skeleton (D:15)
  6 sky beasts
  An elf zombie (Vaults:4)
  7 ice beasts
  5 black bears (Lair:8)
  57 ogres
  A snapping turtle zombie (Crypt:3)
  40 orc warriors
  2 slaves (D:6)
  2 human zombies
  A dwarf (shapeshifter) (Vaults:2)
  2 ettin simulacra
  14 crocodiles
  22 centaurs
  2 human skeletons
  A yellow wasp (D:9)
  4 phantoms
  2 manticore skeletons
  A snapping turtle skeleton (Crypt:1)
  A komodo dragon zombie (D:11)
  Duvessa (D:4)
  A swamp dragon skeleton (Crypt:1)
  A boring beetle (shapeshifter) (Elf:1)
  14 giant frogs
  10 lost souls
  A brain worm (D:15)
  A yaktaur zombie (Crypt:1)
  7 giant slugs
  Blork the orc (D:5)
  A cyclops zombie (D:15)
  19 big kobolds
  A wyvern zombie (D:12)
  A cyclops skeleton (D:15)
  A chimera skeleton (Crypt:1)
  An eye of draining (D:14)
  An elf skeleton (Crypt:1)
  An eye of draining (shapeshifter) (D:15)
  2 scorpions
  3 hippogriff zombies (Shoals:5)
  2 electric eels
  A hippogriff skeleton (D:8)
  9 killer bees
  A troll skeleton (D:7)
  16 wights
  Dowan (D:4)
  5 crimson imps
  6 goliath beetles
  2 centaur zombies
  7 big fish
  11 hounds
  2 jellies
  4 quasits
  25 orc wizards
  27 orc priests
  8 iron imps
  Natasha (twice) (D:5)
  12 iguanas
  8 worker ants
  8 orange rats
  A killer bee zombie (D:7)
  9 sheep
  A naga zombie (Crypt:2)
  A big kobold zombie (D:9)
  A mottled dragon zombie (D:15)
  Ijyb (D:2)
  2 ogre zombies (Vaults:2)
  A hound zombie (D:7)
  An ogre skeleton (D:9)
  A mummy (Vaults:3)
  2 gnolls (D:5)
  28 adders
  An orc skeleton (D:10)
  A worm zombie (D:7)
  39 green rats
  3 white imps (Depths:4)
  A giant mite (D:9)
  A worm (D:3)
  7 ufetubi
  An iguana zombie (D:11)
  2 giant eyeballs
  6 giant geckos
  2 oozes
  156 orcs
  A spectral bat (Crypt:2)
  4 ball pythons
  26 bats
  3 bat skeletons
  A bat zombie (Crypt:1)
  24 hobgoblins
  38 jackals
  14 quokkas
  7 giant cockroaches
  A giant mite zombie (D:5)
  6 giant newts
  4 giant spores
  A gnoll skeleton (Crypt:1)
  11 goblins
  A hobgoblin zombie (D:5)
  46 kobolds
  6 orc zombies
  32 rats
  9 ballistomycetes
  3 butterflies
  7 fungi
  4 plants
  A tentacle (Shoals:4)
2449 creatures vanquished.

Vanquished Creatures (collateral kills)
  A greater naga (Snake:5)
  A salamander mystic (Snake:5)
  A guardian serpent (Snake:5)
  2 salamanders (Snake:5)
5 creatures vanquished.

Vanquished Creatures (others)
  A rakshasa (Depths:3)
  An ice dragon (Depths:4)
  An anaconda (Snake:5)
  An ogre mage (Vaults:3)
  A deep elf conjurer (Elf:1)
  A salamander (Snake:5)
  5 drowned souls
  A black mamba (Snake:5)
  A boggart (shapeshifter) (Depths:1)
  A raven (D:14)
  A fire dragon skeleton (Crypt:3)
  A flying skull (Crypt:3)
  A deep elf mage (Crypt:3)
  A porcupine (Lair:3)
  An orc zombie (Vaults:2)
  2 ogres
  A giant frog (D:6)
  2 crocodiles (Lair:3)
  A lost soul (Crypt:3)
  A jelly (D:6)
  A wight (Crypt:2)
  A hound (Lair:3)
  An orc wizard (Orc:2)
  An iguana (D:6)
  2 adders
  An ufetubus (Depths:4)
  A kobold (D:6)
  A rat (D:6)
  A butterfly (Crypt:2)
  3 fungi
  6 plants
  13 tentacles
  219 tentacle segments
277 creatures vanquished.

Grand Total: 2731 creatures vanquished

Notes
Turn   | Place    | Note
--------------------------------------------------------------
     0 | D:1      | MrRokkomies, the Gargoyle Hunter, began the quest for the Orb.
     0 | D:1      | Reached XP level 1. HP: 12/12 MP: 1/1
   426 | D:1      | Reached XP level 2. HP: 13/16 MP: 2/2
   971 | D:2      | Reached XP level 3. HP: 17/20 MP: 3/3
   975 | D:2      | Reached skill level 1 in Armour
   995 | D:2      | Reached skill level 5 in Bows
  1124 | D:2      | Reached XP level 4. HP: 20/25 MP: 4/4
  1636 | D:2      | Noticed Ijyb
  1649 | D:2      | Killed Ijyb
  1824 | D:2      | Reached XP level 5. HP: 29/29 MP: 5/5
  2270 | D:3      | Found a burning altar of Makhleb.
  2272 | D:3      | Noticed a green death
  2527 | D:4      | Found an iron altar of Okawaru.
  2696 | D:4      | Noticed Edmund
  2721 | D:4      | Killed Edmund
  2721 | D:4      | Reached skill level 6 in Bows
  2721 | D:4      | Reached XP level 6. HP: 15/34 MP: 6/6
  2929 | D:4      | Noticed Duvessa
  2930 | D:4      | Noticed Dowan
  2938 | D:4      | Killed Duvessa
  2944 | D:4      | Killed Dowan
  2944 | D:4      | Reached skill level 7 in Bows
  3180 | D:5      | Entered Level 5 of the Dungeon
  3185 | D:5      | Reached XP level 7. HP: 38/38 MP: 7/7
  3213 | D:5      | Found a blossoming altar of Fedhas.
  3284 | D:5      | Found a staircase to the Ecumenical Temple.
  3305 | D:5      | Reached skill level 8 in Bows
  3404 | D:5      | Noticed Blork the orc
  3420 | D:5      | Killed Blork the orc
  3481 | D:4      | Became a worshipper of Warmaster Okawaru
  3505 | D:5      | Noticed Natasha
  3629 | D:5      | Reached XP level 8. HP: 27/43 MP: 8/8
  3638 | D:5      | Killed Natasha
  4004 | D:5      | Noticed Natasha
  4005 | D:5      | Killed Natasha
  4050 | D:6      | Noticed Pikel
  4062 | D:6      | Killed Pikel
  4062 | D:6      | Acquired Okawaru's first power
  4062 | D:6      | Reached skill level 9 in Bows
  4062 | D:6      | Reached skill level 5 in Armour
  4157 | D:6      | Reached skill level 10 in Bows
  4311 | D:6      | Reached XP level 9. HP: 32/47 MP: 9/9
  4634 | D:6      | Noticed Eustachio
  4650 | D:6      | Killed Eustachio
  5080 | D:5      | Reached skill level 11 in Bows
  5873 | D:7      | Got a transparent scale mail
  5874 | D:7      | Identified the cursed +0 scale mail of the Pit {rF+ Acc+3} (You found it on level 7 of the Dungeon)
  5957 | D:7      | Found a deep blue altar of Sif Muna.
  6066 | D:7      | Reached skill level 12 in Bows
  6604 | D:8      | Reached XP level 10. HP: 55/55 MP: 10/10
  6940 | D:8      | Received a gift from Okawaru
  7944 | D:9      | Reached skill level 5 in Fighting
  8335 | D:9      | Found a staircase to the Lair.
  8356 | Lair:1   | Entered Level 1 of the Lair of Beasts
  8375 | Lair:1   | Gained mutation: You are partially covered in thin metallic scales (AC +2). [potion of beneficial mutation]
  8529 | D:9      | Found a bloodstained altar of Trog.
  8719 | D:9      | Received a gift from Okawaru
  8852 | D:9      | Found a shimmering altar of Xom.
  9054 | D:9      | Got a brightly glowing plate armour
  9055 | D:9      | Identified the cursed -1 plate armour of Surprise {+Fly rElec rN+ Str+1} (You found it on level 9 of the Dungeon)
  9338 | Lair:1   | Received a gift from Okawaru
  9477 | Lair:1   | Reached XP level 11. HP: 68/68 MP: 11/11
  9547 | Lair:1   | Noticed Nergalle
  9755 | Lair:1   | Killed Nergalle
  9755 | Lair:1   | Reached skill level 10 in Armour
  9765 | Lair:1   | Received a gift from Okawaru
 10044 | Lair:1   | Received a gift from Okawaru
 10063 | Lair:1   | Noticed an elephant
 10068 | Lair:1   | Noticed an elephant
 10075 | Lair:1   | Killed an elephant
 10076 | Lair:1   | Noticed an elephant
 10091 | Lair:1   | Killed an elephant
 10107 | Lair:1   | Killed an elephant
 10862 | Lair:1   | Received a gift from Okawaru
 11104 | Lair:2   | Reached skill level 13 in Bows
 11231 | Lair:2   | Acquired Okawaru's second power
 11417 | Lair:2   | Received a gift from Okawaru
 12134 | Lair:3   | Reached XP level 12. HP: 26/77 MP: 12/12
 12136 | Lair:3   | Reached skill level 14 in Bows
 12489 | Lair:3   | Got a shimmering quarterstaff
 12491 | Lair:3   | Identified the cursed +0,-1 quarterstaff of the Fulmar {crush, Contam rF+} (You found it on level 3 of the Lair of Beasts)
 12642 | Lair:3   | Reached skill level 10 in Fighting
 12996 | Lair:3   | Noticed an eight-headed hydra
 13004 | Lair:3   | Killed an eight-headed hydra
 13004 | Lair:3   | Received a gift from Okawaru
 13488 | Lair:4   | Found a staircase to the Snake Pit.
 13508 | Lair:4   | Reached skill level 15 in Bows
 13558 | Lair:4   | Identified a scroll of acquirement
 13563 | Lair:4   | Identified a +2 cloak of preservation (You acquired it on level 4 of the Lair of Beasts)
 14238 | Lair:4   | Found an iron altar of Okawaru.
 15566 | Lair:6   | Found a staircase to the Shoals.
 15593 | Lair:6   | Noticed an eight-headed hydra
 15629 | Lair:5   | Killed an eight-headed hydra
 15733 | Lair:6   | Reached skill level 16 in Bows
 15752 | Lair:6   | Reached XP level 13. HP: 34/82 MP: 13/13
 16266 | Lair:6   | Noticed a seven-headed hydra
 16274 | Lair:6   | Killed a seven-headed hydra
 16539 | Lair:7   | Received a gift from Okawaru
 17050 | Lair:7   | Found a glowing silver altar of Zin.
 17233 | Lair:7   | Reached skill level 5 in Dodging
 17241 | Lair:7   | Received a gift from Okawaru
 17264 | Lair:7   | Received a gift from Okawaru
 17681 | Lair:7   | Reached skill level 17 in Bows
 18244 | Lair:8   | Entered Level 8 of the Lair of Beasts
 18532 | Lair:8   | Noticed Rupert
 18541 | Lair:8   | Paralysed by Rupert for 3 turns
 18564 | Lair:8   | Killed Rupert
 18564 | Lair:8   | Received a gift from Okawaru
 18745 | Lair:8   | Upgraded the game from 0.15-a0-368-g875a5fb to 0.15-a0-411-g153a95e
 19265 | Lair:1   | Upgraded the game from 0.15-a0-411-g153a95e to 0.15-a0-413-gc6111ba
 20089 | Lair:8   | Gained mutation: Your wings are large and strong. [gargoyle growth]
 20089 | Lair:8   | Reached XP level 14. HP: 63/88 MP: 14/14
 20698 | Lair:8   | Reached skill level 18 in Bows
 20864 | Lair:8   | Reached skill level 1 in Invocations
 21159 | Lair:8   | Found a staircase to the Slime Pits.
 21710 | D:10     | Entered Level 10 of the Dungeon
 21838 | D:10     | Found a staircase to the Orcish Mines.
 21848 | Orc:1    | Entered Level 1 of the Orcish Mines
 22297 | Orc:2    | Noticed Snorg
 22484 | Orc:2    | Found a burning altar of Makhleb.
 22506 | Orc:2    | Killed Snorg
 22616 | Orc:2    | Upgraded the game from 0.15-a0-413-gc6111ba to 0.15-a0-429-gf5d7e11
 22975 | Orc:3    | Noticed Nessos
 22992 | Orc:3    | Killed Nessos
 22992 | Orc:3    | Received a gift from Okawaru
 23370 | Orc:3    | Found Weolopre's Jewellery Shop.
 23420 | Orc:3    | Found a staircase to the Elven Halls.
 23471 | Orc:3    | Noticed Joseph
 23491 | Orc:3    | Reached skill level 5 in Invocations
 23497 | Orc:3    | Killed Joseph
 23922 | Orc:4    | Entered Level 4 of the Orcish Mines
 23922 | Orc:4    | Found a shimmering altar of Xom.
 24576 | Orc:4    | Received a gift from Okawaru
 24896 | Orc:4    | Found Walyrehary's Antique Armour Emporium.
 24896 | Orc:4    | Found Teohah's Antique Armour Emporium.
 24898 | Orc:4    | Found Thowkul's Antique Weapon Shop.
 24902 | Orc:4    | Found Gigasuuz's Magic Scroll Shop.
 24950 | Orc:4    | Bought a scroll of enchant weapon I for 45 gold pieces
 24964 | Orc:4    | Bought a pair of embroidered boots for 99 gold pieces
 24964 | Orc:4    | Bought a brightly glowing chain mail for 209 gold pieces
 24967 | Orc:4    | Bought a warped quarterstaff for 252 gold pieces
 24969 | Orc:4    | Identified the +7,+9 quarterstaff of Itirgh {drain, rF+ rN+ Dex+1} (You bought it in a shop on level 4 of the Orcish Mines)
 24988 | Orc:4    | Identified the +8 chain mail "Tirapn" {rC+} (You bought it in a shop on level 4 of the Orcish Mines)
 25162 | Orc:4    | Bought a scroll of acquirement for 676 gold pieces
 25162 | Orc:4    | Bought a scroll of magic mapping for 45 gold pieces
 25492 | D:10     | Reached skill level 1 in Staves
 25763 | D:10     | Received a gift from Okawaru
 26266 | D:11     | Noticed Psyche
 26272 | D:11     | Killed Psyche
 26661 | D:11     | Reached XP level 15. HP: 89/93 MP: 25/25
 27272 | D:12     | Received a gift from Okawaru
 27316 | D:12     | Found a shadowy altar of Dithmenos.
 27349 | D:12     | Reached skill level 5 in Staves
 27620 | D:12     | Received a gift from Okawaru
 27636 | D:12     | Found Trigoxugh's Magic Scroll Emporium.
 28128 | D:13     | Found a gate to the Vaults.
 28315 | D:13     | Received a gift from Okawaru
 28586 | D:13     | Noticed Urug
 28597 | D:13     | Killed Urug
 28752 | D:13     | Received a gift from Okawaru
 29099 | D:13     | Found a shadowy altar of Dithmenos.
 29550 | D:14     | Received a gift from Okawaru
 29551 | D:14     | Got a polished bow {god gift}
 29552 | D:14     | Identified the +8,+7 bow of the Pit {flame, rC++ Dex+3} (Okawaru gifted it to you on level 14 of the Dungeon)
 30181 | D:14     | Reached skill level 10 in Staves
 30369 | D:14     | Received a gift from Okawaru
 30624 | D:15     | Entered Level 15 of the Dungeon
 30736 | D:15     | Noticed 4tharraofdagon's ghost (powerful TeFE)
 30744 | D:15     | Killed 4tharraofdagon's ghost
 30769 | D:15     | Reached XP level 16. HP: 91/102 MP: 26/26
 30901 | D:15     | Found a staircase to the Depths.
 30980 | D:15     | Found a basalt altar of Yredelemnul.
 30981 | D:15     | Found a basalt altar of Yredelemnul.
 30981 | D:15     | Found a bloodstained altar of Trog.
 30996 | D:15     | Received a gift from Okawaru
 31111 | D:15     | Received a gift from Okawaru
 31814 | D:15     | Received a gift from Okawaru
 31936 | D:15     | Noticed a fire giant
 31968 | D:15     | Killed a fire giant
 32085 | D:15     | Identified Borgnjor's Papyrus of Black Arts
 32136 | D:15     | Identified the Disquisition on the Rocks
 32269 | D:15     | Noticed a fire giant
 32292 | D:15     | Killed a fire giant
 32937 | D:15     | Received a gift from Okawaru
 33270 | Snake:1  | Entered Level 1 of the Snake Pit
 33298 | Snake:1  | Got a faintly humming ring mail
 33299 | Snake:1  | Identified the cursed +2 ring mail of Crykluj {Str+3 Int+4} (You found it on level 1 of the Snake Pit)
 33815 | Snake:1  | Received a gift from Okawaru
 34018 | Snake:1  | Learned a level 2 spell: Stoneskin
 34607 | Snake:2  | Noticed Louise
 34625 | Snake:2  | Killed Louise
 34625 | Snake:2  | Reached XP level 17. HP: 110/110 MP: 27/27
 35922 | Snake:4  | Noticed Nikola
 35968 | Snake:4  | Killed Nikola
 36395 | Snake:4  | Received a gift from Okawaru
 36416 | Snake:4  | Learned a level 2 spell: Swiftness
 36419 | Snake:4  | Learned a level 2 spell: Repel Missiles
 36552 | Snake:4  | Reached skill level 19 in Bows
 36962 | Snake:4  | Found Skirpho's Book Shoppe.
 38216 | Snake:5  | Entered Level 5 of the Snake Pit
 38228 | Snake:5  | Received a gift from Okawaru
 38578 | Snake:5  | Received a gift from Okawaru
 38579 | Snake:5  | Got a steaming cloak {god gift}
 38583 | Snake:5  | Identified the +1 cloak of Death Resistance {Str-2 Dex-1 Int-3} (Okawaru gifted it to you on level 5 of the Snake Pit)
 39094 | Snake:5  | Reached skill level 20 in Bows
 39122 | Snake:5  | Reached XP level 18. HP: 82/118 MP: 28/28
 39650 | Snake:5  | Got a serpentine rune of Zot
 39930 | Snake:5  | Reached skill level 15 in Fighting
 39985 | Snake:5  | Reached skill level 1 in Charms
 40012 | Snake:5  | Received a gift from Okawaru
 40013 | Snake:5  | Got a fine bow {god gift}
 40014 | Snake:5  | Identified the +10,-1 bow "Ulugrole" {velocity, rElec rF- rC+} (Okawaru gifted it to you on level 5 of the Snake Pit)
 41258 | Shoals:1 | Entered Level 1 of the Shoals
 41338 | Shoals:1 | Reached skill level 21 in Bows
 41400 | Shoals:1 | Found Qiacagg's Magic Scroll Emporium.
 41413 | Shoals:1 | Bought a scroll of brand weapon for 240 gold pieces
 41413 | Shoals:1 | Bought a scroll of blinking for 90 gold pieces
 41413 | Shoals:1 | Bought a scroll of blinking for 90 gold pieces
 42442 | Shoals:2 | Found Meideme's Book Shop.
 42825 | Shoals:2 | Found a basalt altar of Yredelemnul.
 42972 | Shoals:2 | Found a deep blue altar of Sif Muna.
 43846 | Shoals:3 | Received a gift from Okawaru
 44044 | Shoals:3 | Reached XP level 19. HP: 102/124 MP: 28/28
 44780 | Shoals:4 | Noticed Ilsuiw
 44828 | Shoals:4 | Killed Ilsuiw
 44828 | Shoals:4 | Reached skill level 22 in Bows
 45367 | Shoals:5 | Entered Level 5 of the Shoals
 45514 | Shoals:5 | Reached skill level 5 in Charms
 45810 | Shoals:5 | Received a gift from Okawaru
 45829 | Shoals:5 | Identified the Almanac of the Snowflakes (You found it on level 5 of the Shoals)
 46920 | Shoals:5 | Got a barnacled rune of Zot
 47419 | Shoals:5 | Received a gift from Okawaru
 47420 | Shoals:5 | Got a pitted helmet {god gift}
 47423 | Shoals:5 | Identified the +0 helmet of the Rose {Str+4 Dex-5 Acc-2} (Okawaru gifted it to you on level 5 of the Shoals)
 47737 | Shoals:5 | Learned a level 2 spell: Blink
 47739 | Shoals:5 | Learned a level 1 spell: Summon Butterflies
 47741 | Shoals:5 | Learned a level 1 spell: Apportation
 48264 | Elf:1    | Entered Level 1 of the Elven Halls
 48277 | Elf:1    | Reached skill level 1 in Earth Magic
 48793 | Elf:1    | Noticed Sonja
 48801 | Elf:1    | Killed Sonja
 49053 | Elf:1    | Noticed Donald
 49082 | Elf:1    | Killed Donald
 49287 | Elf:2    | Found Bifres' Armour Shop.
 49425 | Elf:2    | Noticed Azrael
 49437 | Elf:2    | Killed Azrael
 49437 | Elf:2    | Reached skill level 5 in Earth Magic
 49747 | Elf:2    | Identified the Disquisition on Enchantment (You found it on level 2 of the Elven Halls)
 50117 | Elf:3    | Entered Level 3 of the Elven Halls
 50117 | Elf:3    | Noticed 4tharraofdagon's ghost (powerful VSBe)
 50149 | Elf:3    | Killed 4tharraofdagon's ghost
 50149 | Elf:3    | Reached XP level 20. HP: 86/129 MP: 29/29
 50540 | Elf:3    | Found Twaej's Armour Shop.
 50544 | Elf:3    | Noticed Agnes
 50562 | Elf:3    | Killed Agnes
 51063 | Elf:3    | Noticed Fannar
 51076 | Elf:3    | Killed Fannar
 51403 | Elf:3    | Upgraded the game from 0.15-a0-429-gf5d7e11 to 0.15-a0-462-gf669498
 51711 | Elf:3    | Received a gift from Okawaru
 52027 | Elf:3    | Received a gift from Okawaru
 52401 | Elf:3    | Gained mutation: Your magical capacity is low (-10% MP). [a neqoxec]
 52404 | Elf:3    | Gained mutation: You heal slowly when monsters are visible. [a neqoxec]
 53590 | Elf:3    | Reached skill level 10 in Earth Magic
 53745 | Elf:3    | Identified a +1 rod of destruction (12/12) (You took it off a deep elf mage on level 3 of the Elven Halls)
 53768 | Elf:3    | Got a slimy tin ring
 53772 | Elf:3    | Got a steaming falchion
 53789 | Elf:3    | Identified the +11,+6 falchion of the Black Skies {slice, Contam rF+ MR++ Dex+4 Stlth++} (You took it off a deep elf conjurer on level 3 of the Elven Halls)
 53792 | Elf:3    | Got a brightly glowing longbow
 53793 | Elf:3    | Identified the +7,+9 longbow of Buacaikk {velocity, SInv} (You found it on level 3 of the Elven Halls)
 53814 | Elf:3    | Identified the ring of Foblaino {SustAb -Cast Int+2 Dam+4} (You took it off a deep elf master archer on level 3 of the Elven Halls)
 53820 | Elf:3    | Got a brightly glowing dire flail {flame}
 53820 | Elf:3    | Got an uncursed twisted dagger
 53821 | Elf:3    | Identified the +8,+5 dire flail "Ren Cleh" {flame, +Blink rElec rF+ Dex-1} (You took it off a deep elf annihilator on level 3 of the Elven Halls)
 53824 | Elf:3    | Got a slimy robe
 53836 | Elf:3    | Identified the +2 robe of the Arcane {rC++ Dex+3} (You took it off a deep elf annihilator on level 3 of the Elven Halls)
 53870 | Elf:3    | Gained mutation: Armour fits poorly on your strangely shaped body. [mutagenic glow]
 54309 | Vaults:1 | Entered Level 1 of the Vaults
 54355 | Vaults:1 | Found a glowing golden altar of the Shining One.
 54736 | Vaults:1 | Reached skill level 10 in Charms
 54746 | Vaults:1 | Received a gift from Okawaru
 56417 | Vaults:2 | Received a gift from Okawaru
 56447 | Vaults:2 | Got a pair of jewelled boots {god gift}
 56451 | Vaults:2 | Identified the +0 pair of boots of Greater Demons {rN+ MR+ Int+3} (Okawaru gifted it to you on level 2 of the Vaults)
 56533 | Vaults:2 | Noticed Saint Roka
 56563 | Vaults:2 | Killed Saint Roka
 56563 | Vaults:2 | Reached XP level 21. HP: 52/134 MP: 26/26
 57349 | Vaults:2 | Reached skill level 10 in Dodging
 58231 | Vaults:3 | Found a staircase to the Crypt.
 58374 | Vaults:3 | Received a gift from Okawaru
 58375 | Vaults:3 | Got a smoking quarterstaff {god gift}
 58376 | Vaults:3 | Identified the +8,+3 quarterstaff "Schezxeso" {drain, rN+} (Okawaru gifted it to you on level 3 of the Vaults)
 58679 | Vaults:3 | Found Ralus' Antique Weapon Boutique.
 59261 | Vaults:3 | Found a staircase to the Hall of Blades.
 59272 | Blade    | Entered the Hall of Blades
 60606 | Vaults:3 | Received a gift from Okawaru
 60653 | Vaults:3 | Noticed Norris
 60675 | Vaults:3 | Killed Norris
 60675 | Vaults:3 | Reached XP level 22. HP: 85/140 MP: 27/27
 61182 | Vaults:3 | Received a gift from Okawaru
 61183 | Vaults:3 | Got a fine buckler {god gift}
 61206 | Vaults:4 | Noticed Boris
 61769 | Vaults:4 | Got a brightly glowing quarterstaff
 61770 | Vaults:4 | Identified the +7,+7 quarterstaff of the Valley {venom, *Rage SInv} (You found it on level 4 of the Vaults)
 62890 | Vaults:4 | Killed Boris
 63872 | Depths:1 | Entered Level 1 of the Depths
 63872 | Depths:1 | Noticed Mulzaro's ghost (mighty DESu)
 63914 | Depths:1 | Killed Mulzaro's ghost
 64057 | Depths:1 | Found a gateway to Hell.
 64256 | Depths:1 | Noticed Jorgrun
 64269 | Depths:1 | Killed Jorgrun
 64269 | Depths:1 | Received a gift from Okawaru
 64269 | Depths:1 | Reached skill level 1 in Translocations
 64535 | Depths:1 | Received a gift from Okawaru
 65104 | Depths:2 | Found a one-way gate to the infinite horrors of the Abyss.
 65142 | Depths:2 | Received a gift from Okawaru
 65199 | Depths:2 | Reached skill level 15 in Dodging
 65738 | Depths:2 | Received a gift from Okawaru
 65999 | Depths:2 | Reached XP level 23. HP: 128/144 MP: 27/27
 67456 | Depths:3 | Noticed Sojobo
 67802 | Depths:3 | Killed Sojobo
 68006 | Depths:3 | Found a one-way gate leading to the halls of Pandemonium.
 68040 | Depths:3 | Noticed Aizul
 68070 | Depths:3 | Killed Aizul
 68720 | Depths:4 | Found a gateway to a ziggurat.
 69657 | Depths:4 | Received a gift from Okawaru
 69876 | Depths:4 | Learned a level 4 spell: Leda's Liquefaction
 69898 | Depths:4 | Identified a +3 rod of ignition (10/10) (You found it on level 4 of the Depths)
 70999 | Vaults:1 | Fell from the grace of Okawaru
 70999 | Vaults:1 | Became a worshipper of the Shining One
 71054 | Crypt:1  | Entered Level 1 of the Crypt
 71478 | Crypt:1  | Acquired the Shining One's first power
 71903 | Crypt:1  | Acquired the Shining One's second power
 72830 | Crypt:2  | Upgraded the game from 0.15-a0-462-gf669498 to 0.15-a0-674-g7948ca6
 72992 | Crypt:2  | Noticed Jory
 73025 | Crypt:2  | Killed Jory
 73025 | Crypt:2  | Reached XP level 24. HP: 103/150 MP: 27/27
 73097 | Crypt:2  | Noticed Mara
 73107 | Crypt:2  | Noticed MrRokkomies' illusion
 74090 | Crypt:3  | Entered Level 3 of the Crypt
 74128 | Crypt:3  | Acquired the Shining One's third power
 75367 | Crypt:3  | Reached skill level 5 in Translocations
 75517 | Crypt:3  | Identified Semor's Grimoire of Dark Secrets
 75803 | Crypt:3  | Found a basalt altar of Yredelemnul.
 75805 | Crypt:3  | Noticed an ancient lich
 75822 | Crypt:3  | Killed an ancient lich
 76699 | Crypt:3  | Acquired the Shining One's fourth power
 76895 | Crypt:3  | Reached skill level 15 in Armour
 77701 | Crypt:3  | Found a staircase to the Tomb.
 78115 | Tomb:1   | Entered Level 1 of the Tomb of the Ancients
 78165 | Tomb:1   | HP: 4/231 [deep elf master archer/arrow[the fury of Okawaru] (10)]
 78173 | Tomb:1   | The Shining One protects you from harm!
 78173 | Tomb:1   | HP: 2/231 [deep elf master archer/arrow[the fury of Okawaru] (1)]
 78175 | Tomb:1   | Shot with an arrow by a deep elf master archer

Action                   |  1- 3 |  4- 6 |  7- 9 | 10-12 | 13-15 | 16-18 | 19-21 | 22-24 || total
-------------------------+-------+-------+-------+-------+-------+-------+-------+-------++-------
Melee: Short sword       |    31 |     1 |       |       |       |       |       |       ||    32
       Whip              |    70 |    62 |     5 |       |       |       |       |       ||   137
       Cutlass           |       |    20 |       |       |       |       |       |       ||    20
       Flail             |       |       |    80 |   343 |   331 |       |       |       ||   754
       Unarmed           |       |       |     2 |       |       |       |       |       ||     2
       Falchion          |       |       |       |    19 |       |       |       |       ||    19
       Quarterstaff      |       |       |       |       |   286 |   848 |   682 |    15 ||  1831
       Dire flail        |       |       |       |       |     7 |       |       |       ||     7
       Lajatang          |       |       |       |       |       |       |       |   861 ||   861
 Fire: Shortbow          |    24 |    88 |   252 |   868 |   865 |       |       |       ||  2097
       Blowgun           |       |       |       |     4 |       |       |       |       ||     4
       Longbow           |       |       |       |       |   827 |  1317 |  1685 |  1900 ||  5729
 Cast: Stoneskin         |       |       |       |       |       |       |     1 |     8 ||     9
       Blink             |       |       |       |       |       |       |       |     7 ||     7
       Swiftness         |       |       |       |       |       |       |       |     3 ||     3
Invok: Heroism           |       |       |       |       |       |       |       |     3 ||     3
       Finesse           |       |       |       |       |       |       |       |     3 ||     3
 Abil: Fly               |       |       |       |       |     1 |       |       |     7 ||     8
       Stop Flying       |       |       |       |       |       |       |       |     8 ||     8
Evoke: Wand              |       |       |     8 |     8 |    13 |     8 |    14 |     9 ||    60
  Use: Scroll            |     4 |     2 |     9 |    30 |    26 |    21 |    22 |    30 ||   144
       Potion            |       |       |     2 |     3 |     4 |     7 |     5 |    16 ||    37
 Stab: Fleeing           |       |       |       |       |     1 |       |       |       ||     1
